 Dungeon Crawl Stone Soup version 0.29.1-2-gbd0b4ee654 (webtiles) character file.

Game seed: 16759647798921786159

26 istabcows the Grave Robber (level 2, -1/19 HPs)
             Began as a Vampire Necromancer on Nov 28, 2022.
             Was a Follower of Vehumet.
             Slain by a black bear (8 damage)
             ... on level 2 of the Dungeon.
             The game lasted 00:36:49 (1453 turns).

istabcows the Grave Robber (Vampire Necromancer)    Turns: 1453, Time: 00:36:49

Health: -1/19      AC:  2    Str:  7    XL:     2   Next: 89%
Magic:  0/5        EV: 12    Int: 17    God:    Vehumet [*.....]
Gold:   77         SH:  0    Dex: 14    Spells: 3/5 levels left

rFire   . . .      SeeInvis +   k - +2 dagger (venom)
rCold   . . .      Faith    .   (no shield)
rNeg    . . .      Spirit   .   a - +0 robe
rPois   .          Reflect  .   (no helmet)
rElec   .          Harm     .   (no cloak)
rCorr   +          Rampage  .   (no gloves)
Will    .....                   (no boots)
Stlth   ++........              (no amulet)
HPRegen 0.26/turn               l - ring of flight
MPRegen 0.09/turn               o - ring of resist corrosion

@: flying, very slightly contaminated, healing quickly
A: alive, fangs 3, see invisible, vampiric 1
a: Exsanguinate, Renounce Religion


You were on level 2 of the Dungeon.
You worshipped Vehumet.
Vehumet was aware of your devotion.
You visited 1 branch of the dungeon, and saw 2 of its levels.

You collected 77 gold pieces.

Inventory:

Hand Weapons
 h - a +0 war axe
 i - a +0 short sword
 k - a +2 dagger of venom (weapon)
Armour
 a - a +0 robe (worn)
 e - a +0 robe
Jewellery
 l - a ring of flight (left hand)
 o - a ring of resist corrosion (right hand)
Scrolls
 f - 3 scrolls of blinking
 g - a scroll of teleportation {unknown}
 j - a scroll of brand weapon {unknown}
 n - a scroll of poison {unknown}
Potions
 b - a potion of magic
 c - a potion of heal wounds
 d - a potion of curing
 m - a potion of might


   Skills:
 + Level 2.2 Dodging
 + Level 3.3 Stealth
 - Level 0.2 Unarmed Combat
 + Level 2.3 Spellcasting
 + Level 5.0 Necromancy


You had 3 spell levels left.
You knew the following spells:

 Your Spells              Type           Power      Damage    Failure   Level
a - Necrotise             Necr           76%        1d7       2%          1
b - Shock                 Conj/Air       8%         1d3       19%         1

Your spell library contained the following spells:

 Spells                   Type           Power      Damage    Failure   Level
 Vampiric Draining        Necr           19%        2d7       7%          3
 Portal Projectile        Hex/Tloc       4%         N/A       50%         3
 Tukima's Dance           Hex            2%         N/A       50%         3
 Animate Dead             Necr           19%        N/A       24%         4
 Agony                    Necr           19%        N/A       54%         5
 Blade Hands              Tmut           1%         N/A       99%         5


Dungeon Overview and Level Annotations

Branches:
Dungeon (2/15)

Altars:
Vehumet


Innate Abilities, Weirdness & Mutations

Your natural rate of healing is accelerated.
You have razor-sharp teeth.
You have supernaturally acute eyesight. (SInv)
You are afflicted with vampirism.


Message History

Press: ? - help, Shift-Dir - straight line, f - black bear
Aim: a black bear (chance to affect: 78%)
You miscast Necrotise.
You are very lightly contaminated with residual magic.
Nothing appears to happen.
The black bear barely misses you. The black bear claws you.
The black bear misses you.
Casting: Necrotise (safe; 2% risk of failure)
Confirm with . or Enter, or press ? or * to list all spells.
Aiming: Necrotise (safe; 2% risk of failure)
Press: ? - help, Shift-Dir - straight line, f/p - black bear
Aim: a black bear (chance to affect: 78%)
The black bear writhes in agony.
The black bear barely misses you. The black bear completely misses you.
The black bear closely misses you.
Casting: Necrotise (safe; 2% risk of failure)
Confirm with . or Enter, or press ? or * to list all spells.
Aiming: Necrotise (safe; 2% risk of failure)
Press: ? - help, Shift-Dir - straight line, f/p - black bear
Aim: a black bear (lightly wounded, chance to affect: 78%)
The black bear writhes in agony.
The black bear bites you. The black bear claws you.
The black bear closely misses you.
Casting: Necrotise (safe; 2% risk of failure)
Confirm with . or Enter, or press ? or * to list all spells.
Aiming: Necrotise (safe; 2% risk of failure)
Press: ? - help, Shift-Dir - straight line, f/p - black bear
Aim: a black bear (moderately wounded, chance to affect: 78%)
The black bear writhes in agony.
The black bear bites you. The black bear claws you. x2
Casting: Necrotise (safe; 2% risk of failure)
Confirm with . or Enter, or press ? or * to list all spells.
Aiming: Necrotise (safe; 2% risk of failure)
Press: ? - help, Shift-Dir - straight line, f/p - black bear
Aim: a black bear (moderately wounded, chance to affect: 78%)
The black bear barely resists.
The black bear completely misses you. The black bear barely misses you.
The black bear claws you but does no damage.
You hit the black bear but do no damage.
The black bear is poisoned.
The black bear is moderately wounded.
The black bear bites you!
You die...

........# #######.# #
#.####.# ## ## #.#....# .
.# #.#.# .# .. #
#######.#.#####.# .##.###
........#.......# .......
###################.#.#.#.
#.......#.......@h........
#.#####.#.#########.#.#.#.
#.#####.#.# .......
..##....#.# .#.#.#.
####.####.# .......
####.####.##### #..###.
.##..##.....#.# # #.#
###.###..#..#.##.# ..
......#..........>


You could see a black bear (poisoned).

Vanquished Creatures
  3 ball pythons
  4 bats (D:1)
  2 endoplasms
  2 goblins
  2 hobgoblins
  3 jackals (D:2)
  A quokka (D:2)
  A frilled lizard (D:1)
  A kobold (D:1)
  5 rats
24 creatures vanquished.

Notes
Turn   | Place    | Note
-------+----------+-------------------------------------------
     0 | D:1      | istabcows the Vampire Necromancer began the quest for the
                  | Orb.
     0 | D:1      | Reached XP level 1. HP: 13/13 MP: 3/3
   203 | D:1      | Reached XP level 2. HP: 19/19 MP: 3/5
   923 | D:2      | Found a faded altar of an unknown god.
   940 | D:2      | Prayed at the altar of an unknown god.
   940 | D:2      | Became a worshipper of Vehumet
   940 | D:2      | Reached * piety under Vehumet
   940 | D:2      | Offered knowledge of Shock by Vehumet.
   944 | D:2      | Learned a level 1 spell: Shock
  1302 | D:2      | Reached skill level 5 in Necromancy
  1445 | D:2      | Noticed a black bear
  1453 | D:2      | Slain by a black bear

Illustrated notes

Levels and vault maps discovered:
D:1:      kilobyte_arrival_exit_the_forest, layout_loops_ring
D:2:      layout_basic, hellmonk_ecumenical_altar_slurped_away,
          serial_co_window_serial, co_window_paths_b, co_window_paths_b,
          co_window_corner_a, co_window_paths_a, co_window_corner_a,
          co_window_paths_a, co_window_of_opportunity_a, co_window_2corner,
          co_window_of_opportunity_c, co_window_unsneaky_path_b,
          co_window_corner_b, co_window_of_opportunity_c, co_window_2corner,
          co_window_4corner_b, glass_columns_c, glass_columns_b, glass_columns_b

Skill      XL: |  1  2 |
---------------+-------+-----
Necromancy     | 5 |  5.0
Dodging        | |  2.2
Stealth        | |  3.3
Unarmed Combat | |  0.2
Spellcasting   | |  2.3

Action                   || total
-------------------------++-------
Melee: Unarmed           ||    22
       Bite              ||     3
       Dagger            ||     1
 Cast: Necrotise         ||    43
       Shock             ||     2
  Use: Scroll            ||     5
 Stab: Sleeping          ||     1
Armor: Robe              ||    11
Dodge: Dodged            ||    25
